 Dungeon Crawl Stone Soup version 0.31-a0-1074-g0b22e4e0f1 (webtiles) character file.

Game seed: 9884784786990922571

798 DocClef the Shield-Bearer (level 7, -1/60 HPs)
             Began as a Gnoll Fighter on Dec 2, 2023.
             Slain by a mummy (6 damage)
             ... in an ossuary.
             The game lasted 00:05:01 (3202 turns).

DocClef the Shield-Bearer (Gnoll Fighter)           Turns: 3202, Time: 00:05:02

Health: -1/60      AC:  8    Str: 14 (17) XL:     7   Next: 89%
Magic:  11/11      EV: 11    Int:  8 (10) God:
Gold:   180        SH:  5    Dex: 11 (13) Spells: 11/11 levels left

rFire   + . .        i - +1 whip (vamp)
rCold   + . .        c - +0 buckler
rNeg    . . .        r - +2 leather armour {rC+}
rPois   .            (no helmet)
rElec   .            (no cloak)
rCorr   .            (no gloves)
SInv    .            (no boots)
Will    +....        (no amulet)
Stlth   ++           q - ring of Pessimism {Drain rF+ AC+4 Int+2 Dex+2}
HPRegen 0.30/turn    (no ring)
MPRegen 0.12/turn

%: no passive effects
@: attractive, enlightened, flying
A: fangs 1, strong nose, distributed training, claws 1, deformed body, subdued
magic 1
a: no special abilities


You were in an ossuary.
You visited 1 branch of the dungeon, and saw 6 of its levels.
You also visited: Ossuary.

You collected 180 gold pieces.

Inventory:

Hand Weapons
 a - a +0 flail
 i - a +1 vampiric whip (weapon)
Missiles
 h - 2 throwing nets
Armour
 b - a +0 scale mail
 c - a +0 buckler (worn)
 r - a +2 leather armour of cold resistance (worn)
Jewellery
 q - the ring of Pessimism (left claw) {Drain rF+ AC+4 Int+2 Dex+2}
   (You found it on level 3 of the Dungeon)

   [ring of protection]

   AC+4:      It affects your AC (+4).
   Int+2:     It affects your intelligence (+2).
   Dex+2:     It affects your dexterity (+2).
   rF+:       It protects you from fire.
   Drain:     It drains your maximum health when unequipped.
Scrolls
 g - 2 scrolls of poison {unknown}
 m - a scroll of teleportation
Potions
 d - 2 potions of might
 e - 3 potions of curing
 f - 2 potions of degeneration


   Skills:
 + Level 7.2 Fighting
 + Level 2.8 Short Blades
 + Level 2.8 Long Blades
 + Level 2.8 Axes
 + Level 5.4 Maces & Flails
 + Level 2.8 Polearms
 + Level 2.8 Staves
 + Level 2.8 Ranged Weapons
 + Level 2.8 Throwing
 + Level 7.2 Armour
 + Level 2.8 Dodging
 + Level 2.8 Stealth
 + Level 7.2 Shields
 + Level 2.8 Unarmed Combat
 + Level 2.8 Spellcasting
 + Level 2.3 Conjurations
 + Level 2.3 Hexes
 + Level 2.3 Summonings
 + Level 2.3 Necromancy
 + Level 2.3 Translocations
 + Level 2.3 Transmutations
 + Level 2.3 Fire Magic
 + Level 2.3 Ice Magic
 + Level 2.3 Air Magic
 + Level 2.3 Earth Magic
 + Level 2.3 Poison Magic
 + Level 3.1 Invocations
 + Level 2.8 Evocations
 + Level 2.5 Shapeshifting


You had 11 spell levels left.
You didn't know any spells.
Your spell library contained the following spells:

 Spells                   Type           Power      Damage    Failure   Level
 Ensorcelled Hibernation  Hex/Ice        6%         N/A       26%         2
 Passwall                 Tmut/Erth      2%         N/A       26%         2
 Swiftness                Air            3%         N/A       47%         3


Dungeon Overview and Level Annotations

Branches:
Dungeon (7/15)            Ossuary (1/1)
 Temple: D:4-7

Altars:
Ashenzari
Elyvilon

Annotations:
D:6 2 transporters


Innate Abilities, Weirdness & Mutations

You have very sharp teeth.
Your uncanny sense of smell can sniff out nearby items.
Your experience applies equally to all skills.
You have sharp fingernails.
Armour fits poorly on your strangely shaped body.
Your spells are a little easier to cast, but a little less powerful.


Message History

The mummy barely misses you.
You hit the mummy. You bite the mummy.
The mummy is almost destroyed.
You whack the mummy!
You destroy the mummy!
The bullfrog zombie hits you. The mummy closely misses you.
The bullfrog zombie hits you.
* * * LOW HITPOINT WARNING * * *
You hit the mummy but do no damage. You hit the mummy.
The mummy is lightly damaged.
You block the mummy's attack.
You hit the mummy.
The mummy is moderately damaged.
You hit the mummy but do no damage. You bite the mummy, but do no damage.
The mummy is moderately damaged.
The mummy hits you!
* * * LOW HITPOINT WARNING * * *
You whack the mummy!
The mummy is severely damaged.
You feel better. The mummy closely misses you.
It was a potion of degeneration.
There was something very wrong with that liquid.
You feel weakened.
You feel dopey.
You feel clumsy. You block the mummy's attack. The mummy barely misses you.
It was a potion of attraction.
You feel attractive to monsters. The mummy hits you.
* * * LOW HITPOINT WARNING * * *
The mummy hits you.
* * * LOW HITPOINT WARNING * * *
The mummy barely misses you.
It was a potion of mutation.
You feel extremely strange.
Your connection to magic feels subdued.
Your body twists and deforms.
Your fingernails lengthen.
The mummy barely misses you.
It was a potion of enlightenment.
You feel very buoyant.
You fly up into the air.
The mummy hits you.
You die...

#+# ..+
#####.###
∆∆∆
#..M#Z'.#
∆∆∆
#.∩@MM#
∆∆∆
#∩.M#ZZ.#
#####.###
+.+ #.#
∆∆∆#.+
∆∆∆+.#
∆∆∆#.'


You could see 4 mummies, 2 bullfrog zombies and a howler monkey zombie.

Vanquished Creatures
  Eustachio (D:4)
  2 steam dragons
  A hound (D:7)
  A sleepcap (D:4)
  An iguana (D:4)
  2 orc wizards (D:3)
  4 mummies (Ossuary)
  5 gnolls
  3 adders
  A worm (D:2)
  A dart slug (D:4)
  3 orcs
  8 endoplasms
  4 giant cockroaches
  4 goblins
  3 hobgoblins
  9 jackals
  A quokka (D:1)
  4 ball pythons
  4 bats
  A frilled lizard (D:1)
  6 kobolds
  2 rats
71 creatures vanquished.

Vanquished Creatures (collateral kills)
  An orc wizard (D:7)
  An orc (D:7)
2 creatures vanquished.

Vanquished Creatures (others)
  A bullfrog (D:7)
  A jelly (D:7)
  An orc priest (D:7)
  An orc wizard (D:7)
4 creatures vanquished.

Grand Total: 77 creatures vanquished

Notes
Turn   | Place    | Note
-------+----------+-------------------------------------------
     0 | D:1      | DocClef the Gnoll Fighter began the quest for the Orb.
     0 | D:1      | Reached XP level 1. HP: 23/23 MP: 1/1
   198 | D:1      | Found a faded altar of an unknown god.
   214 | D:1      | Reached XP level 2. HP: 24/29 MP: 2/2
   538 | D:2      | Reached XP level 3. HP: 35/35 MP: 3/3
   727 | D:2      | Reached skill level 1 in Invocations
   738 | D:2      | Reached skill level 1 in Short Blades
   738 | D:2      | Reached skill level 1 in Long Blades
   738 | D:2      | Reached skill level 1 in Axes
   738 | D:2      | Reached skill level 1 in Polearms
   738 | D:2      | Reached skill level 1 in Staves
   738 | D:2      | Reached skill level 1 in Ranged Weapons
   738 | D:2      | Reached skill level 1 in Throwing
   738 | D:2      | Reached skill level 1 in Dodging
   738 | D:2      | Reached skill level 1 in Stealth
   738 | D:2      | Reached skill level 1 in Unarmed Combat
   738 | D:2      | Reached skill level 1 in Spellcasting
   738 | D:2      | Reached skill level 1 in Evocations
   740 | D:2      | Reached skill level 1 in Shapeshifting
   740 | D:2      | Reached XP level 4. HP: 14/41 MP: 5/5
  1049 | D:2      | Found a white marble altar of Elyvilon.
  1337 | D:2      | Reached skill level 1 in Conjurations
  1337 | D:2      | Reached skill level 1 in Hexes
  1337 | D:2      | Reached skill level 1 in Summonings
  1337 | D:2      | Reached skill level 1 in Necromancy
  1337 | D:2      | Reached skill level 1 in Translocations
  1337 | D:2      | Reached skill level 1 in Transmutations
  1337 | D:2      | Reached skill level 1 in Fire Magic
  1337 | D:2      | Reached skill level 1 in Ice Magic
  1337 | D:2      | Reached skill level 1 in Air Magic
  1337 | D:2      | Reached skill level 1 in Earth Magic
  1337 | D:2      | Reached skill level 1 in Poison Magic
  1795 | D:3      | Reached XP level 5. HP: 47/47 MP: 5/7
  2022 | D:3      | Found a broken altar of Ashenzari.
  2103 | D:3      | Identified the ring of Pessimism {Drain rF+ AC+4 Int+2
                  | Dex+2}
  2380 | D:4      | Noticed Eustachio
  2464 | D:4      | Killed Eustachio
  2465 | D:4      | Reached skill level 5 in Maces & Flails
  2465 | D:4      | Reached XP level 6. HP: 33/53 MP: 7/9
  2879 | D:4      | You fall into a shaft and drop 3 floors!
  2898 | D:7      | Noticed a steam dragon
  2905 | D:7      | Reached XP level 7. HP: 56/59 MP: 10/10
  2919 | D:7      | Killed a steam dragon
  2958 | D:6      | Noticed a steam dragon
  2958 | D:6      | Found a transporter.
  2975 | D:6      | Killed a steam dragon
  3121 | D:6      | Found a transporter.
  3134 | D:6      | Found a sand-covered staircase.
  3144 | Ossuary  | Entered an ossuary
  3201 | Ossuary  | Gained mutation: Your spells are a little easier to cast,
                  | but a little less powerful. [potion of mutation]
  3201 | Ossuary  | Gained mutation: Armour fits poorly on your strangely
                  | shaped body. [potion of mutation]
  3201 | Ossuary  | Gained mutation: You have sharp fingernails. [potion of
                  | mutation]
  3202 | Ossuary  | Slain by a mummy

Illustrated notes

Levels and vault maps discovered:
D:1:      lightli_arrival_noodles, layout_rooms,
          ebering_ecumenical_altar_abandoned
D:2:      layout_loops_corners, basic_altar, roderic_filled_cross,
          nrook_loot_triangle, minmay_stone_trees_large
D:3:      layout_loops_ring, lemuel_round_altar
D:4:      kennysheep_spiral_hall, layout_cave_pods, eino_tiny_chamber,
          serial_bayou_pond_e, uniq_eustachio
D:6:      gammafunk_steamed_eel, layout_loops_ring, nicolae_ossuary_entry_ruins,
          abandoned_shop
D:7:      layout_basic, grunt_temple_overflow_gold_and_silver,
          mainiacjoe_overflow_alcove_2, ebering_ghost_disaster_area,
          enter_bailey_4, uniq_menkaure
Ossuary:  ossuary_zaba_flooded

Skill      XL: |  1  2  3  4  5  6  7 |
---------------+----------------------+-----
Invocations    | 1 2 3 |  3.1
Short Blades   | 1 2 |  2.8
Long Blades    | 1 2 |  2.8
Axes           | 1 2 |  2.8
Polearms       | 1 2 |  2.8
Staves         | 1 2 |  2.8
Ranged Weapons | 1 2 |  2.8
Throwing       | 1 2 |  2.8
Dodging        | 1 2 |  2.8
Stealth        | 1 2 |  2.8
Unarmed Combat | 1 2 |  2.8
Spellcasting   | 1 2 |  2.8
Evocations     | 1 2 |  2.8
Shapeshifting  | 1 2 |  2.5
Conjurations   | 1 2 |  2.3
Hexes          | 1 2 |  2.3
Summonings     | 1 2 |  2.3
Necromancy     | 1 2 |  2.3
Translocations | 1 2 |  2.3
Transmutations | 1 2 |  2.3
Fire Magic     | 1 2 |  2.3
Ice Magic      | 1 2 |  2.3
Air Magic      | 1 2 |  2.3
Earth Magic    | 1 2 |  2.3
Poison Magic   | 1 2 |  2.3
Maces & Flails | 5 |  5.4
Fighting       | 7 |  7.2
Armour         | 7 |  7.2
Shields        | 7 |  7.2

Action                     |  1- 3 |  4- 6 |  7- 9 || total
---------------------------+-------+-------+-------++-------
  Melee: Flail             |    66 |       |       ||    66
         Bite              |     5 |    26 |    10 ||    41
         Whip              |       |   212 |    87 ||   299
    Use: Scroll            |       |     4 |     3 ||     7
         Potion            |       |       |     5 ||     5
   Stab: Sleeping          |       |       |     1 ||     1
 Armour: Scale mail        |    61 |   122 |       ||   183
         Leather armour    |       |    23 |    52 ||    75
  Dodge: Dodged            |    40 |    95 |    39 ||   174
  Block: Buckler           |    21 |    45 |    19 ||    85

Table legend: (Time is in decaauts)
 A = Elapsed time spent in this place.
 B = Non-inter-level travel time spent in this place.
 C = Inter-level travel time spent in this place.
 D = Time resting spent in this place.
 E = Time spent auto-exploring this place.
 F = Levels seen in this place.
 G = Mean time per level.
                   A        B        C        D        E       F      G
               +--------+--------+--------+--------+--------+-----+--------+
         Total |   3177 |   3130 |     47 |     99 |   2345 |   7 |  453.9 |
       Dungeon |   3125 |   3078 |     47 |     99 |   2343 |   6 |  520.8 |
       Ossuary |     52 |     52 |      0 |      0 |      2 |   1 |   52.0 |
               +--------+--------+--------+--------+--------+-----+--------+

Top non-repeatable levels by time:
     D:2: 1126 daAuts
     D:3: 798 daAuts
     D:4: 478 daAuts
     D:1: 463 daAuts
     D:6: 183 daAuts
     D:7: 74 daAuts
 Ossuary: 52 daAuts
